Cogmind - Beta 16.1 @@@ ROGUE MODE // 2026.05.02 @ 18:02:30 Player: RecursiveCharlatan Result: Destroyed by E6-Y3G(R) with Subdweller Machine Gun Performance ------------- Evolutions (0) 0 Regions Visited (2) 400 Robots Destroyed (24) 120 Value Destroyed (468) 468 Prototype IDs (0) 0 Alien Tech Used (0) 0 Bonus (0) 0 TOTAL SCORE: 988 Bonus ------- None Cogmind --------- Core Integrity 0/250 Matter 198/300 Energy 40/100 System Corruption 0% Temperature Cool (0) Movement Core (600) Ox11 Location -10/Subcaves Parts ------- > --- POWER (1) -------- (None) > --- PROPULSION (2) --- Myomer Leg Myomer Leg > --- UTILITY (2) ------ Large Storage Unit Seismic Detector > --- WEAPON (2) ------- Beamcaster Bore Cannon > --- INVENTORY (15) --- Ion Engine Ion Engine Light Ion Engine Light Treads Light Treads Light Treads Carbon-fiber Leg Carbon-fiber Leg Improved Heat Sink Small Storage Unit Transport Network Coupler Scrap Shield Mining Claw Ripper Peak State ------------ > --- POWER ------------ Light Angular Momentum Engine > --- PROPULSION ------- Myomer Leg Myomer Leg > --- UTILITY ---------- Large Storage Unit Seismic Detector > --- WEAPON ----------- Beamcaster Bore Cannon > --- INVENTORY -------- Ion Engine Ion Engine Light Ion Engine Light Treads Light Treads Light Treads Carbon-fiber Leg Carbon-fiber Leg Improved Heat Sink Small Storage Unit Transport Network Coupler Scrap Shield Mining Claw Ripper [Rating: 33] Favorites ----------- Power Ion Engine Engine Ion Engine Propulsion Light Treads Treads Light Treads Leg Myomer Leg Utility Seismic Detector Device Seismic Detector Storage Large Storage Unit Weapon Assault Rifle Energy Gun Beamcaster Ballistic Gun Assault Rifle Ballistic Cannon Bore Cannon Slashing Weapon Ripper Build | -11 -10 -10 ------- Run | Yrd Mat Sub Slots Evolved . | . . . Power . | . . . Propulsion . | . . . Utility . | . . . Weapon . | . . . Parts Attached 22 | 8 4 10 Power 5 | 2 2 1 Engine 5 | 2 2 1 Core . | . . . Reactor . | . . . Propulsion 7 | 2 1 4 Treads 5 | 2 1 2 Leg 2 | . . 2 Wheel . | . . . Hover . | . . . Flight . | . . . Utility 3 | 2 1 . Device 1 | 1 . . Storage 2 | 1 1 . Processor . | . . . Hackware . | . . . Protection . | . . . Artifact . | . . . Weapon 7 | 2 . 5 Energy Gun 1 | . . 1 Energy Cannon . | . . . Ballistic Gun 4 | 2 . 2 Ballistic Cannon 1 | . . 1 Launcher . | . . . Special Weapon . | . . . Impact Weapon . | . . . Slashing Weapon 1 | . . 1 Piercing Weapon . | . . . Special Melee Weapon . | . . . Unidentified Prototypes . | . . . Parts Lost 8 | . . 8 Power 2 | . . 2 Propulsion 2 | . . 2 Utility . | . . . Weapon 4 | . . 4 Highest Loss Streak 7 | . . 7 To Critical Strikes . | . . . Average Backups 8 | 1 6 13 Power 2 | . 1 3 Propulsion 2 | . 1 4 Utility 1 | . . 3 Weapon 2 | . 2 2 Tool/Special . | . . . Unused Backups 6 | . . 6 Power . | . . . Propulsion 2 | . . 2 Utility 3 | . . 3 Weapon 1 | . . 1 Tool/Special . | . . . Average Slot Usage (%) 98 | . 100 95 Engine 13 | . 14 12 Treads 21 | . 28 7 Leg 6 | . . 20 Device 14 | . 14 14 Storage 14 | . 14 14 Energy Gun 3 | . . 10 Ballistic Gun 20 | . 28 4 Ballistic Cannon 1 | . . 4 Slashing Weapon 1 | . . 5 Peak Build Rating 33 | 7 8 33 Average Rating 12 | 5 7 26 On Entrance 5 | . 7 8 Avg Prop Armor Cover (%) 14 | . . 14 Naked Turns . | . . . Heaviest Build 44 | 15 30 44 Greatest Support 50 | 40 40 50 Greatest Overweight (x) 1 | . . 1 Average Overweight (x) . | . . . Largest Inventory Capacity 15 | 8 15 15 Average Capacity 13 | 7 14 15 Most Carried 15 | 2 11 15 Average Carried 8 | 1 6 14 Final Capacity 15 | 8 15 15 Final Carried 15 | 2 11 15 Class Distribution -------------------- 77% | Mutant 22% | Scavenger-Mutant Dominant Class ---------------- Mutant | -10/Materials Scavenger-Mutant | -10/Subcaves Resources | -11 -10 -10 ----------- Run | Yrd Mat Sub Matter Collected 876 | 301 438 137 Remotely . | . . . Salvage Created 872 | 125 673 74 Parts 51 | 7 39 5 Haulers Intercepted 2 | . 2 . Recyclers Shooed 2 | . 2 . Parts Field Recycled . | . . . Retrieved Matter . | . . . Parts Self-Destructed 2 | . . 2 Prevented . | . . . Parts Restored . | . . . Kills | -11 -10 -10 ------- Run | Yrd Mat Sub Combat Hostiles Destroyed 12 | . 9 3 Guns 11 | . 9 2 Cannons 1 | . . 1 Classes Destroyed 9 | 2 6 1 Worker 1 | . 1 . Tunneler 2 | 2 . . Hauler 2 | . 2 . Recycler 3 | 1 2 . Operator 3 | . 3 . Watcher 1 | . 1 . Swarmer 3 | . 3 . Grunt 6 | . 6 . Subdweller 3 | . . 3 Best Kill Streak 5 | 2 5 3 Combat Bots Only 3 | . 3 3 Max Kills in Single Turn 1 | 1 1 1 Gunslinging . | . . . Exploded . | . . . Melee . | . . . Uniques/NPCs Destroyed . | . . . Combat | -11 -10 -10 -------- Run | Yrd Mat Sub Hostile Shots Fired 119 | . 57 62 Missed 35 | . 14 21 Hits 84 | . 43 41 Projectile 84 | . 43 41 AOE 3 | . . 3 Critical Strikes 3 | . 1 2 Damage Taken 1552 | . 505 1047 Core 264 | . 58 206 Absorbed by Shields . | . . . Core Remaining (%) 100 | 100 . . Volleys Fired 94 | 10 63 21 Largest 2 | 2 2 2 Hottest 123 | 40 40 123 Shots Fired 188 | 20 126 42 Gun 168 | 20 126 22 Cannon 20 | . . 20 Launcher . | . . . Special . | . . . Kinetic 168 | 20 126 22 Thermal 20 | . . 20 Explosive . | . . . Electromagnetic . | . . . Robot Hit Streak 7 | 3 7 7 Robot Miss Streak 6 | 2 5 6 Penetration Max . | . . . Secondary Targets 1 | . 1 . Max Gunslinging Chain 1 | . 1 . Shots Hit Robots 120 | 10 86 24 Core Hits 42 | 3 33 6 Critical Kills 1 | . . 1 Critical Parts Destroyed 1 | . 1 . Critical Strikes 9 | . 1 8 Burn 2 | . . 2 Destroy 7 | . 1 6 Melee Attacks 5 | . . 5 Impact . | . . . Slashing 5 | . . 5 Piercing . | . . . Sneak Attacks . | . . . Combat Hostiles . | . . . Follow-up Attacks . | . . . Damage Inflicted 1707 | 113 1083 511 Guns 1405 | 113 1058 234 Cannons 277 | . . 277 Explosions . | . . . Melee . | . . . Ramming 25 | . 25 . Kinetic 1471 | 113 1058 300 Thermal 211 | . . 211 Explosive . | . . . Electromagnetic . | . . . Impact . | . . . Slashing . | . . . Piercing . | . . . Highest Corruption . | . . . Average Corruption . | . . . Corruption Purged . | . . . Corruption Blocked . | . . . Overload Shots . | . . . Overflow Damage . | . . . Projectiles . | . . . Explosions . | . . . Melee . | . . . Knockbacks 3 | . 1 2 Impact 1 | . 1 . Kinetic 2 | . . 2 Secondary . | . . . Self-Inflicted Damage . | . . . Shots . | . . . Rammed 4 | . 4 . Targets Rammed 4 | . 4 . Kicked . | . . . Crushed . | . . . Highest Temperature 342 | . 10 342 Average Temperature 64 | . 3 75 Received Heat Transfer 969 | . 246 723 Siege Activations . | . . . Martial Activations . | . . . Shielding Activations . | . . . Robots Disrupted . | . . . Combat Hostiles . | . . . Robots Corrupted . | . . . Combat Hostiles . | . . . Parts Fried . | . . . Impact Corruptions . | . . . Robots Melted . | . . . Combat Hostiles . | . . . Parts Melted 1 | . . 1 Heat Transferred 518 | . . 518 Parts Sabotaged . | . . . Parts Stolen . | . . . Parts Stripped . | . . . Power Chain Reactions . | . . . Alert | -11 -10 -10 ------- Run | Yrd Mat Sub Maximum Alert Level . | . . . Low Security (%) 100 | 100 100 . Level 1 . | . . . Level 2 . | . . . Level 3 . | . . . Level 4 . | . . . Level 5 . | . . . High Security . | . . . Max Security . | . . . Peak Influence 97 | 5 97 . Initial . | . . . Average 27 | 1 30 . Influence Increases 368 | 15 353 . Destroy 0b10 Robot/C 180 | . 180 . Destroy 0b10 Robot/NC 60 | 15 45 . Destroy Leader 56 | . 56 . Successful Hack 12 | . 12 . Lose Combat Pursuer 60 | . 60 . Influence Decreases 368 | 15 295 58 Entered New Map 29 | . . 29 Time Decay 330 | 15 295 20 Lost Part 9 | . . 9 Squads Dispatched 3 | . 3 . Investigation . | . . . Extermination . | . . . Reinforcement 3 | . 3 . Assault . | . . . Garrison . | . . . Intercept . | . . . Searches Triggered . | . . . Construction Impeded . | . . . Haulers Reinforced . | . . . Active Scanning Responses . | . . . Cargo Convoy Interrupts . | . . . Stealth | -11 -10 -10 --------- Run | Yrd Mat Sub Distress Signals 2 | . 2 . Communications Jammed . | . . . Distress Signals . | . . . Times Spotted 35 | . 22 13 Peak Tracking Total 6 | . 4 6 Tactical Retreats 4 | . 4 . Traps | -11 -10 -10 ------- Run | Yrd Mat Sub Traps Triggered . | . . . Indirectly . | . . . Trap Hack Attempts . | . . . Triggered . | . . . Disarmed . | . . . Reprogrammed . | . . . Reused . | . . . Traps Extracted . | . . . Installed . | . . . Triggered . | . . . Machines | -11 -10 -10 ---------- Run | Yrd Mat Sub Machines Disabled . | . . . Max in Single Turn . | . . . Machines Repaired . | . . . Machines Dismantled . | . . . Machines Sabotaged . | . . . Overloaded Fab Kills . | . . . Hacking | -11 -10 -10 --------- Run | Yrd Mat Sub Machines Accessed 3 | . 3 . Terminals 3 | . 3 . Fabricators . | . . . Repair Stations . | . . . Recycling Units . | . . . Scanalyzers . | . . . Garrison Access . | . . . Total Hacks 13 | . 13 . Successful 5 | . 5 . Failed 8 | . 8 . Catastrophic 2 | . 2 . Database Lockouts . | . . . Manual 9 | . 9 . Terminals 13 | . 13 . Fabricators . | . . . Repair Stations . | . . . Recycling Units . | . . . Scanalyzers . | . . . Garrison Access . | . . . Terminal Hacks 3 | . 3 . Part Schematic 1 | . 1 . Hauler Manifests 1 | . 1 . Zone Layout 1 | . 1 . Fabricator Hacks . | . . . Repair Station Hacks . | . . . Recycling Unit Hacks . | . . . Scanalyzer . | . . . Garrison Access Hacks . | . . . Unauthorized Hacks 2 | . 2 . Terminals 2 | . 2 . Skim 2 | . 2 . Fabricators . | . . . Repair Stations . | . . . Recycling Units . | . . . Scanalyzers . | . . . Garrison Access . | . . . Data Cores Recovered . | . . . Used . | . . . Hacking Detections 3 | . 3 . Full Trace Events . | . . . Feedback Events . | . . . Feedback Blocked . | . . . Robot Schematics Acquired . | . . . Robots Built . | . . . Authchips . | . . . Time . | . . . Total Robot Build Rating . | . . . Part Schematics Acquired 1 | . 1 . Parts Built . | . . . Authchips . | . . . Time . | . . . Total Part Build Rating . | . . . Part Studies Acquired . | . . . Parts Repaired . | . . . Time . | . . . Parts Recycled . | . . . Recycled Matter . | . . . Retrieved Matter . | . . . Retrieved Components . | . . . Parts Scanalyzed . | . . . Part Schematics Acquired . | . . . Parts Damaged . | . . . Bothacking | -11 -10 -10 ------------ Run | Yrd Mat Sub Used RIF Installer . | . . . Robots Hacked . | . . . Non-combat . | . . . Combat . | . . . Robot Hacks Applied . | . . . Relay Couplers Released . | . . . Fabnet Peak Effective % . | . . . Robots Rewired . | . . . Allies Hacked . | . . . Hacks Repelled . | . . . Allies | -11 -10 -10 -------- Run | Yrd Mat Sub Total Allies . | . . . Largest Group . | . . . Highest-Rated Group . | . . . Highest-Rated Ally . | . . . Total Orders . | . . . Ally Attacks . | . . . Total Damage . | . . . Kills . | . . . Allies Corrupted . | . . . Allies Melted 1 | . . 1 Intel | -11 -10 -10 ------- Run | Yrd Mat Sub Active Infowar (turns) 1575 | 19 1088 468 Seismic 1575 | 19 1088 468 Robot Analysis Total . | . . . Derelict Logs Recovered 1 | . . 1 Drone Launches . | . . . Drone Recoveries . | . . . Exploration | -11 -10 -10 ------------- Run | Yrd Mat Sub Turns Passed 1671 | 115 1088 468 Spaces Moved 845 | 47 523 275 Core 2 | 2 . . Treads 629 | 45 523 61 Legs 214 | . . 214 Wheels . | . . . Hover . | . . . Flight . | . . . Fastest Speed 50 | 50 160 120 Average Speed 149 | 155 160 129 Slowest Speed 240 | 160 160 240 Overloaded Moves . | . . . Propulsion Burnouts . | . . . Robots Hopped . | . . . Potential Cave-ins 4 | . . 4 Cave-ins Triggered . | . . . Exploration Rate (%) 35 | 3 84 18 Regions Visited 2 Branch Regions 1 Pre-discovered Areas 1 | . . 1 Known Exits Taken . | . . . Unknown Exits Taken 2 | 1 1 . Scrap Searched 2 | . . 2 Spaces Dug 1 | . . 1 Terrain Destroyed 8 | . . 8 Melee 1 | . . 1 Projectile 7 | . . 7 AOE . | . . . Terrain Rammed . | . . . Walls Destroyed . | . . . Machines Disabled . | . . . Actions | -11 -10 -10 --------- Run | Yrd Mat Sub Total 1044 | 65 644 335 Wait 61 | . 46 15 Move 843 | 46 522 275 Hop . | . . . Pick Up 11 | 1 5 5 Fast Attach 12 | 7 . 5 Attach 4 | . . 4 Detach 2 | . . 2 Swap 8 | 1 4 3 Drop . | . . . Fire 94 | 10 63 21 Melee 5 | . . 5 Ram . | . . . Kick . | . . . Crush 4 | . 4 . Escape Stasis . | . . . Rewire . | . . . Trap . | . . . Miscellaneous . | . . . Route ------- -11/Scrapyard -10/Materials (discovered 4 exits: [*Mat x2] / [*Min] / [*Sub]) -10/Subcaves History --------- Turn | Location | Event 10 | -11/Scrapyard | Discovered new exit (range 15) 116 | -11/Scrapyard | Entered Materials 320 | -10/Materials | Build established: Mutant 369 | -10/Materials | Discovered new exit (range 16) 681 | -10/Materials | Discovered new exit (range 15) 750 | -10/Materials | Discovered new exit (range 7) 1190 | -10/Materials | Discovered new exit (range 10) 1204 | -10/Materials | Entered Subcaves 1251 | -10/Subcaves | Shifting Twisted Machinery released Shrapnel Trap 1252 | -10/Subcaves | Ambushed by swarm of Subdwellers 1252 | -10/Subcaves | Ambushed by Subdwellers from Twisted Machinery 1253 | -10/Subcaves | Ambushed by Subdwellers from Twisted Machinery 1264 | -10/Subcaves | Core integrity fell below 50% 1308 | -10/Subcaves | Lost 7 parts (1p2n4w) 1322 | -10/Subcaves | Shifting Twisted Machinery released Sub. Monowheel 1337 | -10/Subcaves | Lost 3 allies 1341 | -10/Subcaves | Learned location of Storage (-7) 1565 | -10/Subcaves | Core integrity fell below 20% 1590 | -10/Subcaves | Build established: Scavenger-Mutant 1672 | -10/Subcaves | Destroyed by E6-Y3G(R) with Subdweller Machine Gun Last Messages --------------- 01584_ WV-T30(R) suffers critical hit (Destroy). 01587_ HV Slug penetrates WV-T30(R). 01587_ HV Slug penetrates Wall. 01590_ WV-T30(R) destroyed. 01590_ HV Slug penetrates Wall. 01605_ Acquired 37 matter. 01606_ Acquired 16 matter. 01608_ Acquired 2 matter. 01618_ Acquired 1 matter. 01620_ Acquired 5 matter. 01622_ Acquired 2 matter. 01653_ HV Slug penetrates E6-Y3G(R). 01653_ E6-Y3G(R) suffers critical hit (Destroy). 01653_ E6-Y3G(R) knocked back. 01653_ HV Slug penetrates E6-Y3G(R). 01656_ E6-Y3G(R) suffers critical hit (Destroy). 01659_ HV Slug penetrates Wall. 01662_ Lgt. Angular Momentum Engine destroyed. 01662_ HV Slug penetrates Wall. 01671_ E6-Y3G(R) knocked back. Map ----- +----------------------------------------------------+ | ?????????????????????????????????????????????????? | | ?????????????????????????????????????????????????? | | ?????????????????????????????????????????????????? | | ?????????????????????????????????????????????????? | | ?????????????????????????????????????????????????? | | ?????????????????????????????????????????????????? | | ?????????????????????????????????????????????????? | | ?????????????????????????????????????????????????? | | ?????????????????????????????????????????????????? | | ?????????????????????????????????????????????????? | | ??????????????????##????????? ???????????????????? | | ??????????????????# ??????? #???????????????????? | | ??????????????????# ??????? ##??????????????????? | | ??????????????????# ??????? ##?????????????????? | | ?????????????????## ????## ;#?????????????????? | | ?????????????????# ???? ;#?????????????????? | | ?????????????????# ??## ##????????????????? | | ?????????????????? #?# ?????????????????? | | ??????????????????# ## #??????????????????? | | ??????????????????# #???????????????????? | | ??????????????????# ##??????????????????? | | ??????????????????? ;#??????????????????? | | ????????????????????# R#??##???????????????? | | ?###?????????????????# ###""???????????????? | | ## #?????????????????## "" "??????????????? | | #??????????????????## @#" """???????????????? | | #??????????????????# #"" ## "???????????????? | | # #??????????????????## " "#??????????????????? | | # #??????????????#????# "#??????????????????? | | #??????????????# ### "#??????????????????? | | #??????????????# " ##?????????????????? | | #??????????????#""" " #?????????????????? | | #??????????????#"" ##""" ""##?????????????????? | | #??????????????# ##"" ""##??????????????????? | | #####???????#### ##### ;#??????????????????? | | #?????### ## ""### #??????????????????? | | ######## " " #??????????????????? | | ### ## " * ##??????????????????? | | ###### "" " " %] ##?????????????????? | | #??### " ! #?????????????????? | | ##?# "" #????????? ???????? | | #### ##?????? ??????? | | #?## ##" % ! #???? ??????? | | #??## ## [|= ### ?????? | | #??## ## ! / ?????? | | #### #"""" & #???????? | | ######" ""% #???????? | | ##????## "" "" #???????? | | ## ## ##??????### ""###### "##???????? | | ?## ###### #???????? ""#?????? ###????????? | +----------------------------------------------------+ Best States ------------- Heat Dissipation 25 Energy Generation 18 Energy Capacity 250 Matter Stores 300 Matter Capacity 300 Sight Range 16 Terrain Scan Density 10 Evasion (%) 55 Recoil Reduction 2 Item Schematics ----------------- Flight Unit | -10/Materials | Hacked Robot Schematics ------------------ None Fabricated ------------ Nothing Repaired ---------- Nothing Studied --------- None Alien Tech Used ----------------- None Achievements -------------- None Challenges ------------ None Game ------ Seed VortexBraceTracker Manual? 0 Play Time 00:12:14 Cumulative 154.7 hours Start 2026.05.02 @ 17:53:51 End 2026.05.02 @ 18:02:30 Sessions 1 Manual Loads 0 Difficulty Rogue Special Mode None Game No. 280 Rogue 280 Adventurer 0 Explorer 0 Win Type - Total 3 Types 2/0/0/1/0/0/0/0/0/0 Lore% 59 Gallery% 59 Achievement% 45 Wizard Run 0 Options --------- Layout 2 ASCII 0 Keyboard 1 Movement Numpad Keybinds 0 Fullscreen 1 Font 24/Smallcaps Map View 50x44 Zoom Use 0% Tactical HUD 1 Map Filters NONE Filters NONE Steam 1 RUN: c0d1fc38-a240-40aa-9f83-223755c7c865